 Dungeon Crawl Stone Soup version 0.16-a0-3770-gc215ce9 (console) character file.

58 Kellhus the Conjurer (level 4, 24/24 HPs)
             Began as a Gargoyle Wizard on Jan 24, 2015.
             Quit the game on level 2 of the Dungeon.
             The game lasted 00:03:19 (2028 turns).

Kellhus the Conjurer (Gargoyle Wizard)              Turns: 2028, Time: 00:03:19

Health: 24/24      AC:  5    Str: 11    XL:     4   Next: 1%
Magic:  0/9        EV: 11    Int: 19    God:
Gold:   89         SH:  0    Dex:  8    Spells: 1 memorised, 8 levels left

rFire  . . .     SeeInvis .     (no weapon)
rCold  . . .     Clarity  .     a - +0 robe
rNeg   + . .     SustAb   .     (no shield)
rPois  ∞         Gourm    .     b - +0 hat
rElec  +         Spirit   .     (no cloak)
rCorr  .         Warding  .     (no gloves)
rMut   .         Stasis   .     (no boots)
MR     .....                    (no amulet)
Stlth  ++........               (no ring)
                                (no ring)

@: not resistant to hostile enchantments, unstealthy
A: negative energy resistance 1, electricity resistance, unbreathing,
petrification resistance, rot immunity, AC +3
a: no special abilities


You were on level 2 of the Dungeon.
You were not hungry.

You visited 1 branch of the dungeon, and saw 2 of its levels.

You collected 89 gold pieces.

Inventory:

Armour
 a - a +0 robe (worn)
 b - a +0 hat (worn)
Scrolls
 h - a scroll of random uselessness {unknown}
 i - a scroll of teleportation {unknown}
 j - a scroll of amnesia {unknown}
Potions
 e - a potion of magic {unknown}
 g - 3 potions of resistance {unknown}
Books
 c - a book of Minor Magic

   Spells                             Type                      Level
   a - Magic Dart                     Conjuration                  1
   b - Blink                          Translocation                2
   c - Call Imp                       Summoning                    2
   d - Repel Missiles                 Charms/Air                   2
   e - Slow                           Hexes                        2
   f - Conjure Flame                  Conjuration/Fire             3
   g - Mephitic Cloud                 Conjuration/Poison/Air       3
Comestibles
 d - 2 bread rations
 f - a meat ration


   Skills:
 - Level 1.5 Dodging
 - Level 2.1 Stealth
 - Level 3.0 Spellcasting
 + Level 4.1 Conjurations
   Level 0.8 Summonings
   Level 0.8 Translocations


You had 8 spell levels left.
You knew the following spells:

 Your Spells              Type           Power        Failure   Level  Hunger
a - Magic Dart            Conj           ###.         3%          1    None


Dungeon Overview and Level Annotations

Branches:
Dungeon (2/15)

Altars:
Nemelex Xobeh


Innate Abilities, Weirdness & Mutations

You are resistant to torment.
You are immune to poison.
Your stone body is very resilient (AC +3).
You resist negative energy.
You are resistant to electric shocks.
You can survive without breathing.
You are immune to petrification.
You are immune to rotting.


Message History

You don't have enough magic to cast that spell.
Casting: Magic Dart
Confirm with . or Enter, or press ? or * to list all spells.
Aiming: Magic Dart
Press: ? - help, Shift-Dir - straight line, f/p - worm
Aim: a worm (almost dead)
The magic dart hits the worm.
The worm is almost dead.
You see here 16 poisoned needles.
Casting: Magic Dart
Confirm with . or Enter, or press ? or * to list all spells.
Aiming: Magic Dart
Press: ? - help, Shift-Dir - straight line, f/p - worm
Aim: a worm (almost dead)
The magic dart hits the worm.
You kill the worm!
Your Conjurations skill increases to level 4!
You have reached level 4!
You feel stronger.
You see here 16 poisoned needles.
Are you sure you want to abandon this character and quit the game? (Confirm with "yes".)

._..#.# #.# ⌠.⌠##.# #.# ..###.#
#.# .## #.# ### #.# .####.# ..#
#.# .>....## #.# #.# ####...##
#.# #.#
#.#.#.############.###.########
###.#.......†...@................
.##.#...############.###.########
.###.>..# #.# #.#
.######.############.# #w#
...................w.# #.#
........############## #.#
#######.##...###########.#
#######.##.#........<....#
........##...#############


There were no monsters in sight!

Vanquished Creatures
  Ijyb (D:1)
  An adder (D:2)
  A worm (D:2)
  A giant gecko (D:2)
  4 hobgoblins (D:1)
  3 kobolds
  5 bats (D:1)
  A giant newt (D:1)
  4 goblins
  3 rats (D:1)
24 creatures vanquished.

Notes
Turn   | Place    | Note
--------------------------------------------------------------
     0 | D:1      | Kellhus, the Gargoyle Wizard, began the quest for the Orb.
     0 | D:1      | Reached XP level 1. HP: 10/10 MP: 4/4
   625 | D:1      | Reached XP level 2. HP: 15/15 MP: 0/6
  1261 | D:2      | Found a sparkling altar of Nemelex Xobeh.
  1556 | D:2      | Reached XP level 3. HP: 19/19 MP: 3/7
  1691 | D:2      | Noticed Ijyb
  1753 | D:1      | Killed Ijyb
  2026 | D:2      | Reached skill level 4 in Conjurations
  2026 | D:2      | Reached XP level 4. HP: 24/24 MP: 0/9
  2028 | D:2      | Quit the game

Action                   |  1- 3 |  4- 6 || total
-------------------------+-------+-------++-------
Melee: Unarmed           |     4 |       ||     4
 Cast: Magic Dart        |    88 |     1 ||    89
  Eat: Chunk             |     3 |       ||     3
